 Dungeon Crawl Stone Soup version 0.14.1 (webtiles) character file.

240 Quh the Distorting Demonspawn (level 4, -4/35 HPs)
             Began as a Demonspawn Abyssal Knight on Apr 30, 2014.
             Was a Believer of Lugonu.
             Killed by divine providence
             ... invoked by an orc priest
              (13 damage)
             ... on Level 2 of the Dungeon.
             The game lasted 00:08:58 (2476 turns).

Quh the Distorting Demonspawn (DsAK)                Turns: 2476, Time: 00:08:58

HP  -4/35        AC 12     Str 14      XL: 4   Next: 48%
MP   8/8         EV  8     Int 13      God: Lugonu [**....]
Gold 139         SH  0     Dex 12      Spells:  0 memorised,  3 levels left

rFire  . . .     SeeInvis .     a - +1 spear
rCold  . . .     Clarity  .     h - +0 scale mail
rNeg   . . .     Conserve .     (no shield)
rPois  .         rCorr    .     (no helmet)
rElec  .         rRot     .     o - +2 cloak
SustAb . .       Spirit   .     s - +2 pair of gloves
rMut   .         Warding  .     (no boots)
Saprov . . .     Stasis   .     (no amulet)
MR     .....                    (no ring)
                                (no ring)

@: not resistant to hostile enchantments, extremely unstealthy
A: talons 1
a: Depart the Abyss, Bend Space, Renounce Religion


You were on level 2 of the Dungeon.
You worshipped Lugonu.
Lugonu was pleased with you.
You were not hungry.

You visited 1 branch of the dungeon, and saw 3 of its levels.
You visited the Abyss 1 time.

You collected 139 gold pieces.

Inventory:

Hand weapons
 a - a +1,+1 spear (weapon)
Missiles
 k - 40 darts (quivered)
Armour
 h - a +0 scale mail (worn)
 i - a +0 leather armour
 o - a +2 cloak (worn)
 s - a +2 pair of gloves (worn)
 y - a +0 leather armour
Comestibles
 c - 2 bread rations
 f - 3 pears
 t - 2 meat rations
 u - a rotting chunk of rat flesh
 w - an apple
 x - a rotting chunk of giant gecko flesh
 z - a chunk of adder flesh
Scrolls
 d - a scroll of fear {unknown}
 j - 4 scrolls of teleportation {unknown}
 m - 2 scrolls of enchant armour {unknown}
 q - a scroll of fog {unknown}
 v - 2 scrolls of identify {unknown}
 A - a scroll of amnesia {unknown}
Potions
 b - a potion of invisibility {unknown}
 e - a potion of haste {unknown}
 l - a potion of lignification {unknown}
 n - 4 potions of curing {unknown}
 p - a potion of flight {unknown}
 r - a potion of might {unknown}


   Skills:
 - Level 3.0 Fighting
 * Level 3.1 Polearms
 - Level 1.7 Armour
 - Level 0.8 Dodging
 * Level 5.0 Invocations


You had 3 spell levels left.
You didn't know any spells.

Dungeon Overview and Level Annotations

Branches:
Dungeon (3/15)

Altars:


Innate Abilities, Weirdness & Mutations

You have sharp toenails.


Message History

The orc priest mumbles some strange prayers to Beogh against you.
Pain shoots through your body!
* * * LOW HITPOINT WARNING * * *
Your scale mail prevents you from hitting the orc priest.
The orc priest is lightly wounded.
The orc priest glows brightly for a moment.
You closely miss the orc priest. Your kick misses the orc priest.
The orc priest is lightly wounded.
The orc priest hits you but does no damage.
You hit the orc priest.
The orc priest is moderately wounded.
The orc priest hits you but does no damage.
You hit the orc priest.
The orc priest is heavily wounded.
The orc priest barely misses you.
You hit the orc priest but do no damage.
The orc priest is heavily wounded.
The orc priest invokes the aid of Beogh against you.
Something smites you!
You die...

.........#
#.......#######......
+######### #...(...#
#...... ..# ######.##
###.### #.# #####.#
#.# #'##### #.....#
#.# ......#
###.###### #.#
......# #........#
#.# ......####
#........# ##.#
.>....'..# #....@o..#
#..#
......##.###........#
#.##
......##............#
#.#
......######........#
#.# #'#####
#........# #.# ..#
###.###### #.# ###
#...# #.# # ###.# #.#
######## ######'###
#.#


You could see an orc priest.

Vanquished Creatures
  4 adders
  A worm (D:2)
  5 giant geckos
  An ooze (D:1)
  2 orcs (D:3)
  A ball python (D:2)
  3 giant cockroaches
  3 hobgoblins
  10 kobolds
  8 bats
  2 giant newts
  4 goblins
  5 jackals
  7 rats
  A bush (D:1)
  A plant (D:1)
58 creatures vanquished.

Notes
Turn   | Place    | Note
--------------------------------------------------------------
     0 | Abyss:1  | Quh, the Demonspawn Abyssal Knight, began the quest for the Orb.
     0 | Abyss:1  | Reached XP level 1. HP: 18/18 MP: 1/1
    62 | Abyss:1  | Noticed a ynoxinul
    70 | Abyss:1  | Noticed a quasit
    71 | D:1      | Escaped the Abyss
   445 | D:1      | Gained mutation: You have sharp toenails. [demonic ancestry]
   445 | D:1      | Reached XP level 2. HP: 20/24 MP: 4/4
   467 | D:1      | Acquired Lugonu's first power
   644 | D:1      | Reached skill level 4 in Invocations
   728 | D:1      | Reached XP level 3. HP: 29/29 MP: 5/5
  1880 | D:2      | Reached XP level 4. HP: 22/35 MP: 8/8
  2043 | D:2      | Acquired Lugonu's second power
  2346 | D:3      | Reached skill level 5 in Invocations
  2476 | D:2      | Killed from afar by an orc priest

Action                   |  1- 3 |  4- 6 || total
-------------------------+-------+-------++-------
Melee: Spear             |   296 |    68 ||   364
Throw: Dart              |    17 |    10 ||    27
Invok: Depart the Abyss  |     1 |       ||     1
